Map: Orbital Shipyard

Players

LindyHop

  • Race: Zerg Zerg
  • League: Platinum

A.I. 1 (Elite) - Winner!

  • Race: Terran Terran

VOD

Have the link to the VOD?

Description

Time

  • Played on: Dec. 10, 2015, 9:20 p.m.
  • Length: 15:39
Show
View Real Time Build Order
Export as new Build Order

LindyHop Zerg 

Build Orders: Hatch First 

Get SALT Encoding   

  12  0:01  Drone  
  13  0:12  Overlord  
  13  0:19  Drone  
  14  0:30  Drone  
  14  0:35  Drone  
  16  0:46  Drone  
  17  0:54  Hatchery  
  16  1:00  Drone  
  17  1:05  Drone  
  18  1:14  Extractor  
  18  1:16  Drone  
  18  1:20  Spawning Pool  
  17  1:27  Drone  
  18  1:38  Drone  
  19  1:48  Overlord  
  19  2:08  Queen  
  21  2:09  Queen  
  23  2:16  Metabolic Boost  
  23  2:18  Drone  
  23  2:19  Drone  
  25  2:23  Drone x3  
  25  2:28  Zergling x2  
  29  2:33  Zergling x2  
  30  2:38  Drone  
  30  2:42  Drone  
  32  2:47  Queen  
  32  2:50  Drone  
  35  2:57  Drone  
  36  3:03  Overlord  
  36  3:06  Overlord  
  36  3:19  Overlord  
  36  3:22  Drone x4  
  36  3:23  Drone  
  36  3:26  Hatchery  
  39  3:35  Drone x4  
  43  3:46  Roach Warren  
  42  3:54  Zergling x4  
  42  3:55  Zergling x8  
  48  3:57  Queen  
  50  4:15  Extractor  
  49  4:17  Drone x3, Extractor  
  49  4:18  Drone x3  
  49  4:19  Overlord x3  
  54  4:35  Drone  
  54  4:36  Drone x2  
  57  4:42  Lair  
  57  4:47  Evolution Chamber  
  57  4:48  Evolution Chamber  
  57  4:49  Drone x6, Extractor  
  60  5:11  Drone x4  
  60  5:12  Drone  
  65  5:14  Zerg Missile Weapons Level 1  
  65  5:15  Zerg Ground Armor Level 1  
  65  5:16  Overlord x2  
  65  5:21  Drone  
  65  5:22  Drone x2  
  72  5:28  Roach x3  
  72  5:30  Overlord, Roach x2  
  72  5:34  Drone x2  
  80  5:36  Drone x2  
  80  5:39  Glial Reconstitution  
  82  5:55  Drone x2  
  84  5:59  Drone x2, Extractor  
  84  6:01  Extractor  
  84  6:06  Roach x8  
  84  6:11  Roach x3  
  106  6:22  Drone  
  106  6:23  Drone x2  
  109  6:27  Roach x2  
  109  6:28  Overlord  
  109  6:30  Overlord  
  109  6:31  Overlord  
  113  6:42  Overlord x2  
  113  6:47  Roach x3  
  113  6:48  Roach x3  
  113  6:53  Roach x2  
  113  6:54  Burrow  
  129  6:58  Overlord x2  
  129  6:59  Roach  
  129  7:00  Roach  
  133  7:07  Roach  
  133  7:08  Roach  
  137  7:11  Roach  
  137  7:12  Roach  
  141  7:18  Roach x7  
  155  7:24  Roach  
  155  7:25  Roach x2  
  149  7:30  Roach  
  149  7:31  Roach x2  
  149  7:42  Baneling Nest  
  149  7:43  Zerg Ground Armor Level 2, Zerg Missile Weapons Level 2  
  146  7:46  Roach  
  146  7:47  Roach x4  
  156  7:53  Roach x2  
  160  7:59  Roach  
  160  8:00  Roach x3  
  168  8:06  Zergling x2  
  168  8:07  Zergling x2  
  168  8:08  Overlord x4  
  170  8:31  Roach x2  
  170  8:32  Roach x7  
  188  8:38  Roach x5  
  188  8:39  Roach  
  200  8:44  Spire  
  200  8:47  Hatchery  
  191  9:08  Roach x13  
  191  9:09  Roach  
  198  9:10  Roach  
  198  9:15  Roach  
  198  9:16  Roach x2  
  193  9:21  Zergling x2  
  188  9:30  Zergling x4  
  190  10:09  Zergling x20  
  200  10:23  Centrifical Hooks  
  200  10:53  Zerg Flyer Weapons Level 1  
  200  11:00  Infestation Pit, Extractor  
  200  11:03  Extractor  
  197  11:07  Mutalisk  
  197  11:09  Zergling x2  
  200  11:32  Mutalisk x3, Zergling x4  
  196  11:34  Zergling x8  
  196  11:35  Zergling x6  
  196  11:36  Zergling x8  
  187  11:42  Zergling x4  
  187  11:43  Zergling x14  
  190  11:59  Baneling x6  
  190  12:00  Baneling x5  
  190  12:02  Mutalisk  
  190  12:03  Mutalisk x4  
  200  12:36  Mutalisk x2  
  200  12:37  Mutalisk  
  190  12:49  Zergling x6  
  190  12:50  Mutalisk x3, Zergling x10  
  190  12:51  Mutalisk x9  
  146  12:53  Zergling x2  
  146  12:54  Zergling x4  
  146  12:58  Zergling x6  
  128  13:09  Zergling x2  
  128  13:10  Zergling x6  
  132  13:14  Zergling x2  
  132  13:15  Zergling x4  
  132  13:17  Zerg Melee Weapons Level 1  
  132  13:18  Hive  
  135  13:25  Zergling x6  
  138  13:27  Mutalisk  
  138  13:28  Mutalisk  
  139  13:35  Zergling x2  
  139  13:37  Mutalisk  
  139  13:39  Zergling x12  
  139  13:40  Zergling x4  
  142  13:43  Baneling  
  142  13:44  Zergling x2, Baneling x16  
  142  13:45  Zergling x4  
  145  13:57  Mutalisk x7  
  159  14:04  Zergling x2  
  159  14:05  Zergling x4  
  162  14:13  Hatchery  
  162  14:14  Mutalisk  
  162  14:15  Mutalisk  
  162  14:16  Zergling x16  
  162  14:17  Hatchery  
  172  14:33  Mutalisk x3  
  172  14:34  Zergling x2  
  172  14:35  Zergling x12  
  185  14:44  Zergling x8  
  185  14:45  Zergling x10  
  191  15:02  Zergling x2  
  191  15:06  Mutalisk x3  
Show
View Real Time Build Order
Export as new Build Order

A.I. 1 (Elite) Terran - Winner!

Build Orders: MMM Bio 

Get SALT Encoding   

  12  0:00  SCV  
  13  0:13  SCV  
  14  0:19  Supply Depot  
  14  0:25  SCV  
  15  0:40  SCV  
  16  0:53  SCV  
  16  0:54  Refinery  
  17  0:57  Barracks  
  17  1:05  SCV  
  18  1:17  SCV  
  19  1:24  Command Center  
  19  1:35  Supply Depot  
  19  1:38  SCV  
  20  1:44  Marine  
  21  1:58  Factory  
  21  2:09  SCV, Barracks  
  21  2:12  Marine  
  23  2:21  SCV  
  24  2:28  Supply Depot  
  24  2:32  Marine  
  24  2:33  SCV  
  26  2:42  SCV  
  26  2:44  Factory Tech Lab  
  27  2:50  Marine  
  27  2:51  SCV  
  29  3:00  Orbital Command  
  29  3:05  Refinery  
  29  3:11  Orbital Command  
  29  3:13  Marine  
  29  3:16  Marine  
  31  3:26  SCV  
  32  3:31  Marine  
  33  3:34  Marine  
  33  3:36  SCV  
  33  3:38  SCV  
  36  3:45  Barracks  
  36  3:48  SCV  
  36  3:49  Marine  
  36  3:50  SCV  
  36  3:53  Barracks Tech Lab  
  39  3:57  Starport  
  39  4:00  SCV  
  39  4:02  SCV  
  41  4:07  Barracks Tech Lab  
  41  4:11  Stimpack, Marine  
  41  4:12  SCV  
  41  4:14  SCV  
  44  4:19  Supply Depot  
  44  4:25  SCV, Marine, Combat Shields  
  44  4:26  SCV  
  44  4:29  Marine  
  48  4:31  Marine  
  48  4:35  Medivac  
  48  4:37  SCV  
  52  4:40  SCV  
  52  4:43  Marine  
  52  4:45  Supply Depot  
  54  4:47  Supply Depot, Marine  
  54  4:49  SCV, Marine  
  57  4:56  SCV  
  58  5:01  SCV, Marine  
  58  5:05  Refinery, Marauder  
  58  5:06  Medivac  
  64  5:08  SCV  
  64  5:10  Refinery  
  64  5:13  SCV  
  66  5:19  Marauder  
  66  5:20  SCV, Engineering Bay  
  69  5:22  Supply Depot  
  69  5:25  SCV  
  69  5:27  Marauder  
  72  5:29  Command Center  
  72  5:32  SCV  
  73  5:38  SCV  
  73  5:40  Marauder  
  76  5:44  SCV  
  76  5:48  Terran Infantry Weapons Level 1, Marauder  
  79  5:50  SCV, Supply Depot  
  79  5:56  SCV  
  81  6:00  Hellion  
  81  6:02  SCV, Marauder  
  86  6:12  SCV, Marauder  
  86  6:15  Supply Depot  
  89  6:20  Engineering Bay  
  89  6:21  Barracks Reactor, Hellion  
  89  6:23  Concussive Shells, Marauder  
  93  6:31  Missile Turret  
  93  6:33  Missile Turret  
  93  6:37  Marauder  
  93  6:38  Supply Depot  
  95  6:40  Barracks, Starport Reactor  
  95  6:42  SCV  
  95  6:43  Hellion  
  95  6:44  SCV, Marauder  
  95  6:45  SCV  
  95  6:46  Terran Infantry Armor Level 1  
  102  6:54  SCV  
  102  6:56  Orbital Command  
  102  6:57  SCV  
  102  6:58  Marauder  
  106  7:04  Hellion, Missile Turret  
  106  7:05  Marine  
  106  7:06  SCV, Marauder  
  106  7:08  Missile Turret  
  112  7:09  Supply Depot, SCV  
  113  7:16  Medivac  
  113  7:18  SCV  
  113  7:19  Medivac, Marine  
  113  7:20  Marauder  
  113  7:22  SCV  
  122  7:23  SCV, Marine  
  122  7:27  Hellion  
  122  7:31  SCV  
  122  7:34  Missile Turret  
  122  7:35  SCV, Marauder  
  122  7:36  SCV  
  122  7:37  Supply Depot  
  127  7:41  Marauder  
  127  7:43  SCV  
  130  7:46  Viking  
  130  7:48  Command Center  
  132  7:58  SCV  
  132  7:59  SCV x2  
  132  8:01  Supply Depot  
  132  8:02  Viking  
  137  8:10  SCV  
  137  8:11  SCV  
  137  8:12  Missile Turret  
  139  8:16  Viking  
  139  8:17  Factory  
  141  8:23  Marauder  
  141  8:25  Starport  
  143  8:27  Supply Depot  
  143  8:30  Hi-Sec Auto Tracking  
  143  8:32  Viking  
  145  8:34  Missile Turret  
  145  8:40  Building Armor  
  145  8:46  Viking  
  147  8:52  Supply Depot  
  147  8:54  Missile Turret  
  147  8:58  Refinery  
  147  8:59  Marauder x2  
  147  9:01  Factory Tech Lab, SCV, Starport Tech Lab  
  147  9:02  Viking  
  147  9:04  Marine x2  
  147  9:06  Marine  
  114  9:20  Planetary Fortress, Marine  
  114  9:21  High Capacity Fuel Tanks, Marauder  
  114  9:22  Marine x2  
  114  9:23  Marine  
  116  9:26  Missile Turret  
  116  9:29  Viking, Missile Turret  
  118  9:31  Armory  
  118  9:38  Refinery, Marine  
  118  9:39  Refinery, Raven  
  118  9:40  Marine x2  
  118  9:41  Marine  
  118  9:42  Marauder  
  126  9:49  Refinery  
  126  9:56  Barracks, Marauder  
  126  9:57  Marine  
  126  9:58  Marine  
  126  9:59  Barracks Tech Lab  
  130  10:02  Command Center  
  130  10:03  Marauder  
  132  10:10  Armory  
  132  10:15  Marine  
  132  10:16  Ghost Academy, Marine  
  132  10:17  Marine  
  132  10:18  Marauder  
  132  10:19  Terran Infantry Weapons Level 2  
  137  10:21  Viking  
  137  10:22  Raven  
  137  10:24  Viking  
  137  10:25  Marauder  
  145  10:31  Hellion, Terran Ship Weapons Level 1  
  145  10:32  Hellion  
  145  10:33  Marine  
  145  10:34  Liberator  
  150  10:36  Marine, Marauder  
  150  10:37  SCV  
  150  10:38  Liberator  
  150  10:39  Marauder  
  150  10:42  Supply Depot  
  155  10:44  Marine  
  155  10:46  Marauder  
  158  10:51  Marine  
  158  10:52  Hellion  
  158  10:54  Marine  
  168  10:57  Marauder  
  168  11:00  Ghost  
  168  11:01  Hellion  
  168  11:02  Marine  
  175  11:05  Supply Depot, Medivac  
  175  11:07  Marauder  
  175  11:09  SCV  
  179  11:14  Hellion  
  179  11:18  Marine x2  
  183  11:19  Marauder  
  183  11:22  Hellion  
  183  11:23  Terran Vehicle Weapons Level 1  
  187  11:26  Command Center  
  187  11:28  Ghost  
  187  11:32  Supply Depot, Marine, Marauder  
  184  11:35  Hellion  
  184  11:39  Marine  
  174  11:40  Marauder  
  174  11:42  Viking  
  174  11:46  Marine  
  179  11:50  Marine, Medivac  
  179  11:51  Medivac  
  179  11:53  Marauder  
  186  11:56  Ghost  
  186  11:57  Marine  
  189  12:01  Marauder  
  189  12:03  Personal Cloaking  
  189  12:05  Marine  
  189  12:08  Marine  
  193  12:12  Siege Tank, Medivac  
  193  12:15  Marauder  
  200  12:25  Terran Vehicle And Ship Armor Level 1, Factory  
  200  12:38  Infernal Pre-Igniter  
  200  12:48  SCV, Siege Tank  
  200  12:49  SCV, Planetary Fortress  
  200  12:50  Hellion, Refinery, Ghost  
  200  12:51  Viking  
  190  13:01  SCV, Missile Turret  
  190  13:02  Command Center  
  190  13:03  SCV  
  192  13:08  Hellion, Missile Turret  
  192  13:11  Siege Tank, Missile Turret  
  197  13:16  Liberator  
  197  13:17  Liberator  
  197  13:20  Liberator  
  197  13:21  Hellion  
  197  13:28  Marine  
  197  13:29  Marine  
  197  13:30  Hellion  
  195  13:42  Siege Tank  
  195  13:43  Hellion  
  200  14:12  Missile Turret  
  200  14:15  Missile Turret  
  200  14:21  Refinery  
  200  14:22  Missile Turret  
  200  14:36  Command Center  
  199  14:41  Planetary Fortress  
  198  14:51  Missile Turret  
  198  14:56  SCV x2  
  200  15:03  Command Center  
  200  15:19  SCV, Missile Turret  
  200  15:23  Factory Tech Lab, Factory  
  200  15:24  SCV x2  
  188  15:30  Missile Turret  
  188  15:33  Missile Turret  
Tags
 
Composition
MMM Bio
League
Platinum
Matchup
TvZ
Add a new tag
Caveats
  • Supply blocks, unpowered buildings, or Contaminate may cause inaccurate times.
  • Supply counts are checked every 10 seconds.